 Dungeon Crawl Stone Soup version 0.27-a0-797-g27d10ad80f (webtiles) character file.

Game seed: 15663907337576903599

872 polve the Slasher (level 7, -8/58 HPs)
             Began as a Demonspawn Abyssal Knight on Mar 27, 2021.
             Was a Believer of Lugonu.
             Splashed by a jelly's acid (12 damage)
             ... on level 6 of the Dungeon.
             The game lasted 00:06:54 (7639 turns).

polve the Slasher (Demonspawn Abyssal Knight)       Turns: 7639, Time: 00:06:54

Health: -8/58      AC: -1    Str: 13    XL:     7   Next: 74%
Magic:  9/9        EV: 13    Int: 16    God:    Lugonu [**....]
Gold:   19         SH:  0    Dex: 14    Spells: 6/6 levels left

rFire    . . .     SeeInvis .   f - +0 long sword
rCold    + . .     Faith    .   (no shield)
rNeg     . . .     Spirit   .   h - +0 ring mail
rPois    .         Reflect  .   b - +0 helmet
rElec    .         Harm     .   j - +0 cloak
rCorr    .         Rampage  .   a - +0 pair of gloves
Will     .....                  i - +0 pair of boots
Stlth    +.........             (no amulet)
HPRegen  0.19/turn              n - ring of the Octopus King {rC+ AC+1 EV+1 Str+1 Int+1 Dex+1}
MPRegen  0.22/turn              (no ring)

@: corroded
A: repulsion field 1, magic regeneration, demonic magic 1
a: Renounce Religion, Depart the Abyss, Bend Space


You were on level 6 of the Dungeon.
You worshipped Lugonu.
Lugonu was pleased with you.
You visited 1 branch of the dungeon, and saw 6 of its levels.
You visited the Abyss 1 time.

You collected 174 gold pieces.
You spent 155 gold pieces at shops.

Inventory:

Hand Weapons
 f - a +0 long sword (weapon)
Armour
 a - a +0 pair of gloves (worn)
 b - a +0 helmet (worn)
 h - a +0 ring mail (worn)
 i - a +0 pair of boots (worn)
 j - a +0 cloak (worn)
Jewellery
 n - a ring of the Octopus King (left hand) {rC+ AC+1 EV+1 Str+1 Int+1 Dex+1}
   (You bought it in a shop on level 6 of the Dungeon)

   [ring of protection from cold]

   It affects your AC (+1).
   It affects your evasion (+1).
   It affects your strength (+1).
   It affects your intelligence (+1).
   It affects your dexterity (+1).
   It protects you from cold.
Scrolls
 c - a scroll of teleportation
 d - 3 scrolls of amnesia
 e - a scroll of noise {unknown}
 g - a scroll of enchant armour
 k - a scroll of fog
 o - a scroll of blinking {unknown}
Potions
 m - a potion of brilliance {unknown}


   Skills:
 + Level 6.2 Fighting
 * Level 6.2 Long Blades
 - Level 1.7 Armour
 - Level 0.8 Dodging
 + Level 3.6 Invocations


You had 6 spell levels left.
You didn't know any spells.
Your spell library was empty.

Dungeon Overview and Level Annotations

Branches:
Dungeon (6/15)
 Temple: D:4-7

Altars:
Ashenzari
Cheibriados
Elyvilon
Fedhas
Gozag
Qazlal
Ru
Vehumet

Shops:
D:6 *

Annotations:
D:4 2 transporters, Dowan, Duvessa


Innate Abilities, Weirdness & Mutations

You are surrounded by a mild repulsion field. (EV +2)
You regenerate magic rapidly.
Spells you cast may paralyse adjacent enemies.


Message History

You feel yourself slow down.
HP restored.
You open the door.
A jelly comes into view.
The jelly quivers.
A jelly is nearby!
A jelly is nearby!
A jelly is nearby!
There is an open door here.
You barely miss the jelly. The jelly barely misses you.
You hit the jelly.
Your hands burn!
The jelly is lightly wounded.
The jelly completely misses you.
You hit the jelly.
Your hands burn!
The jelly is moderately wounded.
The jelly misses you.
You riposte.
You hit the jelly.
The jelly is severely wounded.
You hit the jelly. The acid corrodes you!
Your hands burn!
The jelly is almost dead.
The jelly barely misses you.
You hit the jelly but do no damage.
Your hands burn!
The jelly is almost dead.
The jelly hits you but does no damage.
You barely miss the jelly.
The jelly is almost dead.
The jelly hits you.
You are splashed with acid.
You hit the jelly but do no damage.
Your hands burn!
The jelly is almost dead.
The jelly hits you. The acid corrodes you!
You are splashed with acid!
You hit the jelly but do no damage.
Your hands burn!
* * * LOW HITPOINT WARNING * * *
The jelly is almost dead.
The jelly hits you.
* * * LOW HITPOINT WARNING * * *
The acid corrodes you!
You are splashed with acid!
* * * LOW HITPOINT WARNING * * *
The jelly hits you.
* * * LOW HITPOINT WARNING * * *
You are splashed with acid!
You die...

#.........# ...
#+#####.######
.. ##..####.##
+.........# ..
#.........+ ...
##.<......#....
#....#####...
..##....##....#
.......@.#....#
.........J#....#
...##.....'....#
.. #.....#....#
. #######....#
.....# .....#
.....# .....#


You could see a jelly.

Vanquished Creatures
  Menkaure (D:6)
  A sky beast (D:4)
  A centaur (D:5)
  A howler monkey (D:5)
  2 hounds (D:5)
  A bullfrog skeleton (D:5)
  4 orc priests
  Crazy Yiuf (D:5)
  A jelly (D:4)
  Jessica (D:3)
  Natasha (D:3)
  A hound skeleton (D:4)
  8 adders
  A shadow imp (D:5)
  A white imp (D:6)
  An ufetubus (D:4)
  An adder skeleton (D:4)
  3 worms
  3 dart slugs
  14 orcs
  8 ball pythons
  5 endoplasms
  3 giant cockroaches
  16 goblins
  8 hobgoblins
  3 jackals (D:4)
  A quokka (D:4)
  5 bats
  3 frilled lizards
  4 kobolds
  8 rats
112 creatures vanquished.

Notes
Turn   | Place    | Note
-------+----------+-------------------------------------------
     0 | Abyss:1  | polve the Demonspawn Abyssal Knight began the quest for the
                  | Orb.
     0 | Abyss:1  | Reached XP level 1. HP: 18/18 MP: 2/2
    47 | Abyss:1  | Noticed a thrashing horror
    47 | Abyss:1  | Noticed a catoblepas skeleton
    52 | D:1      | Escaped the Abyss
   133 | D:1      | Reached * piety under Lugonu
   434 | D:1      | Gained mutation: You regenerate magic rapidly. [demonic
                  | ancestry]
   434 | D:1      | Reached XP level 2. HP: 21/24 MP: 3/3
  1447 | D:1      | Reached XP level 3. HP: 29/29 MP: 4/4
  2128 | D:2      | Reached XP level 4. HP: 17/37 MP: 5/5
  3072 | D:3      | Found a sacrificial altar of Ru.
  3093 | D:3      | Noticed Natasha
  3099 | D:3      | Killed Natasha
  3174 | D:3      | Noticed Jessica
  3182 | D:3      | Killed Jessica
  3183 | D:3      | Gained mutation: You are surrounded by a mild repulsion
                  | field. (EV +2) [demonic ancestry]
  3183 | D:3      | Reached XP level 5. HP: 9/43 MP: 6/6
  3485 | D:3      | Found a blossoming altar of Fedhas.
  3671 | D:3      | Reached ** piety under Lugonu
  3675 | D:3      | Reached skill level 5 in Fighting
  4020 | D:3      | Found a radiant altar of Vehumet.
  4036 | D:3      | Gained mutation: Spells you cast may paralyse adjacent
                  | enemies. [demonic ancestry]
  4036 | D:3      | Reached XP level 6. HP: 42/51 MP: 7/7
  4338 | D:3      | Found a snail-covered altar of Cheibriados.
  4415 | D:4      | Found a transporter.
  4434 | D:4      | Found a transporter.
  4883 | D:4      | Noticed Duvessa
  4883 | D:4      | Noticed Dowan
  5165 | D:4      | Found a stormy altar of Qazlal.
  5291 | D:5      | Entered Level 5 of the Dungeon
  5354 | D:5      | Noticed a sky beast
  5413 | D:4      | Killed a sky beast
  5414 | D:4      | Reached skill level 5 in Long Blades
  5811 | D:5      | Found a broken altar of Ashenzari.
  5923 | D:5      | Reached XP level 7. HP: 39/57 MP: 8/8
  6082 | D:5      | Found a runed translucent door.
  6083 | D:5      | Noticed Crazy Yiuf
  6091 | D:5      | Killed Crazy Yiuf
  6618 | D:5      | Identified the +5 flail of the Lumpy Spirits {venom, rF+}
  6936 | D:5      | Found an opulent altar of Gozag.
  7238 | D:6      | Found Danwy's Assorted Antiques.
  7242 | D:6      | Bought a ring of the Octopus King for 155 gold pieces
  7242 | D:6      | Found the ring of the Octopus King {rC+ AC+1 EV+1 Str+1
                  | Int+1 Dex+1}
  7242 | D:6      | Found the ring of the Octopus King {rC+ AC+1 EV+1 Str+1
                  | Int+1 Dex+1}
  7408 | D:6      | Noticed Menkaure
  7428 | D:6      | Killed Menkaure
  7639 | D:6      | Splashed by a jelly's acid

Illustrated notes

Levels and vault maps discovered:
D:1:      giann_horns, layout_basic
D:2:      layout_loops_ring, elyvilon_altar_1
D:3:      layout_basic, vehumet_crystals, general_overflow_altar,
          lemuel_coloured_pillars_altar, serial_co_window_serial,
          co_window_corner_a, co_window_of_opportunity_a, co_window_paths_a,
          co_window_corner_a, co_window_of_opportunity_a, co_window_corner_ca,
          co_window_broadway_c, co_window_of_opportunity_c, co_window_paths_c,
          co_window_broadway_a, co_window_corner_cb, glass_columns_a,
          fedhas_altar_2, uniq_jessica, uniq_natasha
D:4:      gammafunk_steamed_eel, layout_basic, nicolae_qazlal_eye_of_the_storm,
          uniq_duvessa
D:5:      layout_loops_corners, kennysheep_little_box, kennysheep_mini_moat,
          minmay_misc_feat_ornament, kennysheep_generic_room_12,
          uniq_crazy_yiuf_cottage
D:6:      layout_gridville, minmay_temple_entry_large_hall, serial_shops, shop,
          uniq_menkaure

Skill      XL: |  1  2  3  4  5  6  7 |
---------------+----------------------+-----
Long Blades    | 2 3 4 5 6 |  6.2
Fighting       | 4 5 6 |  6.2
Invocations    | 3 |  3.6
Armour         | |  1.7
Dodging        | |  0.8

Action                   |  1- 3 |  4- 6 |  7- 9 || total
-------------------------+-------+-------+-------++-------
Melee: Falchion          |    14 |       |       ||    14
       Long sword        |    95 |   270 |    94 ||   459
       Unarmed           |       |       |     2 ||     2
Invok: Depart the Abyss  |     1 |       |       ||     1
  Use: Potion            |     1 |     6 |     2 ||     9
       Scroll            |       |     4 |       ||     4
Armor: Leather armour    |     1 |       |       ||     1
       Ring mail         |    36 |   137 |    32 ||   205
       Skin              |       |       |     1 ||     1
Dodge: Dodged            |    73 |   178 |    54 ||   305
       Rpst.: Falchion   |     4 |       |       ||     4
       Long sword        |    19 |    47 |    17 ||    83

Table legend: (Time is in decaauts)
 A = Elapsed time spent in this place.
 B = Non-inter-level travel time spent in this place.
 C = Inter-level travel time spent in this place.
 D = Time resting spent in this place.
 E = Time spent auto-exploring this place.
 F = Levels seen in this place.
 G = Mean time per level.
                   A        B        C        D        E       F      G
               +--------+--------+--------+--------+--------+-----+--------+
         Total |   7712 |   7443 |    269 |     24 |   6361 |   7 | 1101.7 |
       Dungeon |   7660 |   7391 |    269 |     24 |   6314 |   6 | 1276.7 |
         Abyss |     52 |     52 |      0 |      0 |     47 |   1 |   52.0 |
               +--------+--------+--------+--------+--------+-----+--------+

Top non-repeatable levels by time:
     D:1: 1650 daAuts
     D:3: 1544 daAuts
     D:5: 1521 daAuts
     D:2: 1304 daAuts
     D:4: 1066 daAuts
     D:6: 573 daAuts
 Abyss:1: 52 daAuts
